 Dungeon Crawl Stone Soup version 0.29.0-4-gdea44cf6ec (webtiles) character file.

Game seed: 2346382038982084353

47 qw the Ruffian (level 3, -1/28 HPs)
             Began as a Ghoul Fire Elementalist on Aug 29, 2022.
             Hit by a goblin thrown by Robin (3 damage)
             ... on level 2 of the Dungeon.
             The game lasted 00:01:43 (2048 turns).

qw the Ruffian (Ghoul Fire Elementalist)            Turns: 2048, Time: 00:01:44

Health: -1/28      AC:  8    Str: 13    XL:     3   Next: 70%
Magic:  4/4        EV:  5    Int: 10    God:
Gold:   13         SH:  0    Dex:  9    Spells: 4/5 levels left

rFire   . . .      SeeInvis .     - Unarmed
rCold   + . .      Faith    .   (no shield)
rNeg    + + +      Spirit   .   f - +0 chain mail
rPois   inf        Reflect  .   (no helmet)
rElec   .          Harm     .   (no cloak)
rCorr   .          Rampage  .   (no gloves)
Will    .....                   (no boots)
Stlth   ..........              (no amulet)
HPRegen 0.00/turn               (no ring)
MPRegen 0.09/turn               (no ring)

@: inhibited regen
A: claws 1, cold resistance 1, negative energy resistance 3, inhibited
regeneration, torment resistance 2, devour on kill
a: no special abilities


You were on level 2 of the Dungeon.
You visited 1 branch of the dungeon, and saw 2 of its levels.

You collected 13 gold pieces.


Innate Abilities, Weirdness & Mutations

You are immune to poison.
You have sharp fingernails.
Your flesh is cold resistant. (rC+)
You are immune to negative energy. (rN+++)
You do not regenerate when monsters are visible.
You are immune to unholy pain and torment.
You thrive by killing the living.


   Skills:
 - Level 1.2 Fighting
 - Level 1.7 Dodging
 - Level 2.1 Stealth
 + Level 3.2 Unarmed Combat
 - Level 1.7 Spellcasting
 - Level 0.7 Conjurations
 - Level 2.4 Fire Magic


You had 4 spell levels left.
You knew the following spells:

 Your Spells              Type           Power      Damage    Failure   Level
a - Foxfire               Conj/Fire      16%        2x1d4     99%         1

Your spell library contained the following spells:

 Spells                   Type           Power      Damage    Failure   Level
 Scorch                   Fire           10%        2d6       100%        2
 Conjure Flame            Conj/Fire      4%         6-21      100%        3
 Inner Flame              Hex/Fire       3%         N/A       100%        3
 Flame Wave               Conj/Fire      4%         2d5       100%        4

Inventory:

Armour
 f - a +0 chain mail (worn)
Scrolls
 a - a scroll of enchant armour
Potions
 d - 2 potions of curing
 g - a potion of attraction {unknown}

Dungeon Overview and Level Annotations

Branches:
Dungeon (2/15)

Altars:

Annotations:
D:2 Robin


Message History

The goblin shoots a sling bullet.
The sling bullet hits you.
The goblin shouts!
You miss the goblin.
You hear a shout!
The goblin hits you but does no damage.
The goblin shoots a sling bullet.
The sling bullet hits you.
You scratch the goblin.
The goblin is heavily wounded.
The goblin hits you but does no damage.
You closely miss the goblin.
The goblin is heavily wounded.
A goblin comes into view. It is wielding a +0 dagger.
The goblin hits you but does no damage. Robin throws the goblin at you!
You scratch the goblin.
You kill the goblin!
The goblin closely misses you. Robin throws the goblin at you!
A goblin comes into view. It is wielding a +0 dagger.
The goblin unwields a +0 sling.
The goblin wields a +0 club.
The goblin hits you but does no damage.
You scratch the goblin.
The goblin is moderately wounded.
The goblin hits you but does no damage.
Robin roars a battlecry!
The goblins go into a battle-frenzy!
You barely miss the goblin.
The goblin is moderately wounded.
The goblin hits you with a +0 club.
The goblin hits you but does no damage. x2
A hobgoblin comes into view.
You closely miss the goblin.
The goblin is moderately wounded.
The goblin hits you but does no damage. The goblin hits you with a +0 dagger.
The goblin completely misses you.
You scratch the goblin.
You kill the goblin!
You feel better. The goblin hits you but does no damage.
The goblin barely misses you.
You scratch the goblin.
The goblin is moderately wounded.
The goblin hits you but does no damage. x2; Robin throws the goblin at you!
You die...

.#.#######.###.......##
.#...................
..#####.##........
#...%........ ..
#..#)#..#g###....
...................
#...###.#..#g###.##
..... #.#..#g# ....
#.#..#@# ....
#.#...gg......
......#........
#######......##
#......# ##....## .....
......


You could see Robin, a hobgoblin (strong) and 3 goblins.

Vanquished Creatures
  An adder (D:2)
  An endoplasm (D:1)
  9 goblins
  5 hobgoblins
  5 jackals (D:1)
  A quokka (D:1)
  3 ball pythons (D:1)
  5 bats (D:1)
  A frilled lizard (D:2)
  A kobold (D:1)
  2 rats (D:1)
34 creatures vanquished.

Notes
Turn   | Place    | Note
-------+----------+-------------------------------------------
     0 | D:1      | qw the Ghoul Fire Elementalist began the quest for the Orb.
     0 | D:1      | Reached XP level 1. HP: 14/14 MP: 2/2
     0 | D:1      | 0 ||| qw: Version: 0.1-a-90-g952f4b7
     0 | D:1      | 0 ||| qw: Game counter: 4043
     0 | D:1      | 0 ||| qw: Always use a shield: true
     0 | D:1      | 0 ||| qw: God list: Okawaru
     0 | D:1      | 0 ||| qw: Allow faded altars: false
     0 | D:1      | 0 ||| qw: Do Orc after D:15 true
     0 | D:1      | 0 ||| qw: Do second Lair branch before Depths: true
     0 | D:1      | 0 ||| qw: Lair rune preference: random
     0 | D:1      | 0 ||| qw: Plans: Normal
     0 | D:1      | 0 ||| PLANNING D:1-11
   316 | D:1      | Reached skill level 1 in Unarmed Combat
   497 | D:1      | Reached skill level 1 in Fighting
   497 | D:1      | Reached XP level 2. HP: 22/23 MP: 3/3
  1086 | D:1      | Found a faded altar of an unknown god.
  1218 | D:1      | Reached skill level 2 in Unarmed Combat
  1468 | D:1      | 1468 ||| Stepping ~*~*~tactically~*~*~ (stealth).
  1472 | D:1      | 1472 ||| Stepping ~*~*~tactically~*~*~ (stealth).
  1479 | D:1      | Reached XP level 3. HP: 26/28 MP: 4/4
  1763 | D:1      | 1763 ||| UPGRADING to +0 chain mail.
  1773 | D:1      | 1773 ||| DROPPING +0 robe.
  1774 | D:1      | 1774 ||| DROPPING scarf of invisibility.
  1775 | D:1      | 1775 ||| READING scroll labelled FAKLOT WINUX.
  1776 | D:1      | 1776 ||| READING 2 scrolls labelled XOUZEPS ODOAFY.
  1777 | D:1      | 1777 ||| READING scroll labelled ROINUR UDUVEO.
  1778 | D:1      | 1778 ||| READING scroll labelled ASILEU VYMIFEICAGH.
  1779 | D:1      | 1779 ||| DRINKING 3 fuming emerald potions.
  1780 | D:1      | 1780 ||| DROPPING potion of magic.
  1781 | D:1      | 1781 ||| DROPPING scroll of vulnerability.
  1878 | D:2      | 1878 ||| Stepping ~*~*~tactically~*~*~ (stealth).
  1883 | D:2      | 1883 ||| Stepping ~*~*~tactically~*~*~ (stealth).
  1911 | D:2      | 1911 ||| Stepping ~*~*~tactically~*~*~ (outnumbered).
  2004 | D:2      | Reached skill level 3 in Unarmed Combat
  2020 | D:2      | 2020 ||| Stepping ~*~*~tactically~*~*~ (hiding).
  2032 | D:2      | 2032 ||| Stepping ~*~*~tactically~*~*~ (outnumbered).
  2039 | D:2      | Noticed Robin
  2042 | D:2      | HP: 6/28 [Robin/goblin (3)]
  2046 | D:2      | HP: 1/28 [goblin/+0 dagger[Robin] (3)]
  2048 | D:2      | Hit by a goblin thrown by Robin

Levels and vault maps discovered:
D:1:      psy_arrival_conway, layout_loops_cross,
          ebering_ecumenical_altar_petrified, minmay_tetromino_t2
D:2:      wad_lake_hut, layout_basic, kennysheep_generic_room_15, uniq_robin,
          uniq_sigmund

Skill      XL: |  1  2  3 |
---------------+----------+-----
Unarmed Combat | 1 2 3 |  3.2
Fighting       | 1 |  1.2
Dodging        | |  1.7
Stealth        | |  2.1
Spellcasting   | |  1.7
Conjurations   | |  0.7
Fire Magic     | |  2.4

Action                   || total
-------------------------++-------
Melee: Unarmed           ||   190
       Punch             ||     3
  Use: Scroll            ||     4
       Potion            ||     1
 Stab: Sleeping          ||     1
Armor: Robe              ||    42
       Chain mail        ||    33
Dodge: Dodged            ||   126

Table legend:
 A = Non-vault XP
 B = Vault XP
 C = Vault XP percentage of total XP
 D = Non-vault monster count
 E = Vault monster count
 F = Vault count percentage of total count
                 A         B        C        D         E       F
            +---------+---------+-------+---------+---------+-------
      Total |      52 |      16 |  23.5 |      24 |      10 |  29.4
            +---------+---------+-------+---------+---------+-------
        D:1 |      36 |       2 |   5.3 |      21 |       2 |   8.7
        D:2 |      16 |      14 |  46.7 |       3 |       8 |  72.7
            +---------+---------+-------+---------+---------+-------
